 Dungeon Crawl Stone Soup version 0.30-a0-54-g2e61a25929 (webtiles) character file.

Game seed: 683650119120133792

22845 zishaf the Party-goer (level 13, -4/74 HPs)
             Began as a Vine Stalker Brigand on Sept 7, 2022.
             Was a Believer of Uskayaw.
             Slain by a two-headed ogre
             ... wielding a +0 giant spiked club
              (14 damage)
             ... on level 11 of the Dungeon.
             The game lasted 00:22:41 (10948 turns).

zishaf the Party-goer (Vine Stalker Brigand)       Turns: 10948, Time: 00:22:43

Health: -4/74      AC: 14    Str: 14    XL:     13   Next: 2%
Magic:  0/22       EV: 14    Int: 11    God:    Uskayaw [**....]
Gold:   617        SH: 11    Dex: 21    Spells: 12/12 levels left

rFire   + . .      SeeInvis .    a - +3 dagger (elec)
rCold   + . .      Faith    .    H - +0 kite shield
rNeg    . . .      Spirit   +    o - +2 leather armour {rF+}
rPois   .          Reflect  .    l - +2 hat
rElec   .          Harm     .    c - +1 cloak
rCorr   .          Rampage  .    (no gloves)
Will    +....                    E - +0 pair of boots
Stlth   +++++.....               F - amulet of the acrobat
HPRegen 1.02/turn                D - +4 ring of evasion
MPRegen 0.18/turn                x - +4 ring of protection

@: studying Air Magic
A: fangs 3, regeneration 1, magic shield, antimagic bite, no potion heal 2, cold
resistance 1, mutation resistance 1, subdued magic 1
a: Renounce Religion, Stomp, Line Pass


You were on level 11 of the Dungeon.
You worshipped Uskayaw.
Uskayaw was aware of your devotion.
You visited 2 branches of the dungeon, and saw 12 of its levels.
You also visited: Sewer.

You collected 617 gold pieces.

Inventory:

Hand Weapons
 a - a +3 dagger of electrocution (weapon)
 g - a +2 dagger of freezing
 K - the +6 long sword of Conversion {elec, Int+4 SInv}
   (You found it on level 7 of the Dungeon)

   It occasionally discharges a powerful burst of electricity upon striking a
   foe.
   Int:       It affects your intelligence (+4).
   SInv:      It lets you see invisible.
Missiles
 d - 23 poisoned darts (quivered)
 e - 5 curare-tipped darts
 h - 5 throwing nets
 u - 2 silver boomerangs
 R - 6 boomerangs
Armour
 c - a +1 cloak (worn)
 l - a +2 hat (worn)
 n - the +0 cloak of Yqemputt {*Corrode Int+4 Slay+3}
   (You found it on level 4 of the Dungeon)

   Int:       It affects your intelligence (+4).
   Slay:      It affects your accuracy & damage with ranged weapons and melee
   (+3).
   *Corrode:  It may corrode you when you take damage.
 o - a +2 leather armour of fire resistance (worn)
 s - the +0 helmet of the Past {-Tele Harm rElec rPois}
   (You took it off Robin on level 3 of the Dungeon)

   rElec:     It insulates you from electricity.
   rPois:     It protects you from poison.
   -Tele:     It prevents most forms of teleportation.
   Harm:      It increases damage dealt and taken.
 E - a +0 pair of boots (worn)
 H - a +0 kite shield (worn)
Jewellery
 r - the amulet "Repuib" {Spirit Will+ Str+2}
   (You found it on level 4 of the Dungeon)

   [amulet of guardian spirit]

   It causes incoming damage to be divided between your reserves of health and
   magic.
   Str:       It affects your strength (+2).
   Will:      It increases your willpower.
 x - a +4 ring of protection (right hand)
 D - a +4 ring of evasion (left hand)
 F - an amulet of the acrobat (around neck)
 I - a ring of fire
 M - an amulet of magic regeneration
 N - a ring of ice
 P - an amulet of regeneration
 Q - a ring of resist corrosion
Wands
 z - a wand of flame (5)
 A - a wand of charming (17)
Scrolls
 b - a scroll of enchant armour
 i - 4 scrolls of teleportation
 j - 2 scrolls of immolation
 v - 2 scrolls of magic mapping
 y - 4 scrolls of fear
Potions
 f - 4 potions of cancellation
 k - 2 potions of resistance
 m - 3 potions of brilliance
 p - a potion of berserk rage
 q - 3 potions of might
 t - 2 potions of attraction
 w - 3 potions of mutation
 B - 12 potions of flight
 C - 3 potions of curing
 G - 3 potions of haste
 O - a potion of lignification
Miscellaneous
 J - a lightning rod (4/4)
 L - a box of beasts


   Skills:
 + Level 11.0 Fighting
 + Level 9.7 Short Blades
 - Level 3.0 Throwing
 - Level 1.0 Dodging
 + Level 10.5 Stealth
 - Level 5.0 Shields
 * Level 11.5 Invocations


You had 12 spell levels left.
You didn't know any spells.
Your spell library contained the following spells:

 Spells                   Type           Power      Damage    Failure   Level
 Necrotise                Necr           0%         1d4       73%         1
 Static Discharge         Conj/Air       0%         3-3/arc   86%         2
 Confusing Touch          Hex            0%         N/A       98%         3
 Ozocubu's Armour         Ice            0%         N/A       98%         3
 Summon Guardian Golem    Hex/Summ       0%         N/A       98%         3
 Vampiric Draining        Necr           0%         2d6       98%         3
 Agony                    Necr           0%         N/A       100%        5
 Lightning Bolt           Conj/Air       0%         1d11      100%        5
 Metabolic Englaciation   Hex/Ice        0%         N/A       100%        5
 Yara's Violent Unravell  Hex/Tmut       0%         3d3       100%        5
 Simulacrum               Ice/Necr       0%         N/A       100%        6
 Enfeeble                 Hex            0%         N/A       100%        7
 Orb of Destruction       Conj           0%         9d5       100%        7
 Spellforged Servitor     Conj/Summ      0%         N/A       100%        7
 Maxwell's Capacitive Co  Air            0%         ∞         100%        8


Dungeon Overview and Level Annotations

Branches:
Dungeon (11/15)            Temple (1/1) D:6            Lair (0/5) D:8
  Sewer (visited)
    Orc: D:9-12

Altars:
Ashenzari
Cheibriados
Dithmenos
Elyvilon
Fedhas
Gozag
Hepliaklqana
Kikubaaqudgha
Makhleb
Nemelex Xobeh
Okawaru
Qazlal
Ru
Sif Muna
Trog
Uskayaw
Vehumet
Wu Jian
Xom
Yredelemnul
Zin
The Shining One

Shops:
D:5 [   D:10 :

Annotations:
D:11 1 transporter


Innate Abilities, Weirdness & Mutations

You have razor-sharp teeth.
Your natural rate of healing is unusually fast.
When hurt, damage is shared between your health and your magic reserves.
Your bite disrupts and absorbs the magic of your enemies.
Potions cannot restore your health.
Your flesh is cold resistant. (rC+)
You are somewhat resistant to further mutation.
Your spells are a little easier to cast, but a little less powerful.


Message History

The two-headed ogre is lightly wounded.
The two-headed ogre hits you with a +0 giant spiked club!
The two-headed ogre barely misses you.
You hit the two-headed ogre. Your bite misses the two-headed ogre.
The two-headed ogre is lightly wounded.
You barely miss the two-headed ogre.
You bite the two-headed ogre, but do no damage.
The two-headed ogre is lightly wounded.
The two-headed ogre hits you with a +0 giant spiked club!!
You block the two-headed ogre's attack.
You hit the two-headed ogre. You bite the two-headed ogre. You drain its power.
You feel invigorated.
The two-headed ogre is moderately wounded.
You hit the two-headed ogre. You bite the two-headed ogre. You drain its power.
The two-headed ogre is heavily wounded.
You block the two-headed ogre's attack.
The two-headed ogre hits you with a +0 giant club!
You are too injured to fight recklessly!
You are too injured to fight recklessly!
You are too injured to fight recklessly!
You hit the two-headed ogre.
You bite the two-headed ogre, but do no damage.
The two-headed ogre is heavily wounded.
You can now pass through a line of other dancers.
You hit the two-headed ogre. You bite the two-headed ogre! You drain its power.
You feel invigorated.
The two-headed ogre is severely wounded.
The two-headed ogre hits you with a +0 giant spiked club!
* * * LOW HITPOINT WARNING * * *
You block the two-headed ogre's attack.
You hit the two-headed ogre. You bite the two-headed ogre. You drain its power.
You feel invigorated.
The two-headed ogre is almost dead.
You barely miss the two-headed ogre.
You bite the two-headed ogre, but do no damage.
The two-headed ogre is almost dead.
The two-headed ogre hits you with a +0 giant spiked club!!
* * * LOW HITPOINT WARNING * * *
The two-headed ogre hits you with a +0 giant club!!
You die...

#.....
#.....
#.....
###
#.....
..#
#.....
#.#
####'#
#.#
#..
#O#
#.#
#@#
#.^
#.#
##.
#.# #.
#.# #.
#.# #.
#.# ##
#.# #
#.# #
#.#


You could see a two-headed ogre.

Vanquished Creatures
  Josephine (D:11)
  A hydra (D:11)
  A boulder beetle (D:10)
  6 death yaks (D:8)
  Erica (D:11)
  3 two-headed ogres
  Pikel (D:5)
  2 deep elf pyromancers (D:7)
  A manticore (D:11)
  2 cyclopes
  A slime creature (D:7)
  A gargoyle (D:10)
  An unseen horror (D:7)
  A kobold demonologist (D:9)
  2 trolls
  3 hornets
  Sigmund (D:3)
  A shadow (D:9)
  19 yaks
  7 wraiths
  A wyvern (D:7)
  3 vampire mosquitoes (D:11)
  A steam dragon (D:8)
  Menkaure (D:6)
  2 water moccasins
  An acid dragon (D:9)
  3 ice beasts
  A black bear (D:7)
  A hornet zombie (D:7)
  2 orc warriors
  A centaur (D:8)
  3 ogres
  A phantom (D:5)
  The ghost of gregwegmann the Grave Robber, an amateur DsNe (D:3)
  2 kobold brigands (D:9)
  4 necrophages
  2 bullfrogs
  5 gnoll sergeants
  A wyvern zombie (D:7)
  A wyvern skeleton (D:3)
  13 wights
  10 killer bees
  6 howler monkeys
  A bullfrog zombie (D:3)
  7 hounds
  A jelly (D:6)
  A human zombie (D:7)
  6 orc priests
  2 gnoll boudas
  2 iguanas
  Natasha (thrice) (D:2)
  10 orc wizards
  2 killer bee zombies
  3 mummies (D:7)
  Robin (D:3)
  35 gnolls
  4 river rats
  10 adders
  3 shadow imps
  A white imp (D:6)
  2 worms (Sewer)
  A dart slug (D:1)
  24 orcs
  8 ball pythons
  13 bats
  9 endoplasms
  2 giant cockroaches
  19 goblins
  6 hobgoblins
  7 jackals
  11 kobolds
  5 quokkas
  5 frilled lizards
  6 rats
  A spectral goblin (D:4)
333 creatures vanquished.

Vanquished Creatures (collateral kills)
  Psyche (D:9)
  A gnoll sergeant (D:9)
  An orc priest (D:9)
  An orc wizard (D:9)
  A gnoll (D:9)
  2 orcs (D:9)
7 creatures vanquished.

Vanquished Creatures (others)
  An orc wizard (D:9)
  2 orcs (D:9)
  2 plants
5 creatures vanquished.

Grand Total: 345 creatures vanquished

Notes
Turn   | Place    | Note
-------+----------+-------------------------------------------
     0 | D:1      | zishaf the Vine Stalker Brigand began the quest for the
                  | Orb.
     0 | D:1      | Reached XP level 1. HP: 11/11 MP: 2/2
   232 | D:1      | Reached skill level 1 in Dodging
   232 | D:1      | Reached XP level 2. HP: 6/15 MP: 1/3
   501 | D:1      | Reached skill level 5 in Stealth
  1494 | D:1      | Reached XP level 3. HP: 18/18 MP: 4/4
  1671 | D:2      | Noticed Natasha
  1678 | D:2      | Killed Natasha
  1700 | D:2      | Noticed Natasha
  1709 | D:2      | Killed Natasha
  1710 | D:2      | Gained mutation: Your natural rate of healing is unusually
                  | fast. [Vine Stalker growth]
  1710 | D:2      | Reached XP level 4. HP: 8/23 MP: 2/5
  1893 | D:2      | Noticed Natasha
  1901 | D:2      | Killed Natasha
  1902 | D:2      | Reached XP level 5. HP: 25/27 MP: 4/6
  2492 | D:3      | Identified the +0 helmet of the Past {-Tele Harm rElec
                  | rPois}
  2492 | D:3      | Noticed Robin
  2514 | D:3      | Killed Robin
  2523 | D:3      | Found a runed translucent gate.
  2523 | D:3      | Found a runed translucent gate.
  2523 | D:3      | Found a runed translucent gate.
  2530 | D:3      | Noticed gregwegmann's ghost (amateur DsNe)
  2570 | D:3      | Noticed Sigmund
  2580 | D:3      | Killed Sigmund
  2581 | D:3      | Reached XP level 6. HP: 32/32 MP: 7/7
  2798 | D:3      | Found a faded altar of an unknown god.
  2948 | D:3      | Killed gregwegmann's ghost
  2955 | D:3      | Reached XP level 7. HP: 33/37 MP: 8/8
  3070 | D:4      | Found a basalt altar of Yredelemnul.
  3125 | D:4      | Found an ornate altar of the Wu Jian Council.
  3210 | D:4      | Found an iron altar of Okawaru.
  3213 | D:4      | Identified the +0 cloak of Yqemputt {*Corrode Int+4 Slay+3}
  3227 | D:4      | Identified the amulet "Repuib" {Spirit Will+ Str+2}
  3434 | D:4      | Found a hazy altar of Hepliaklqana.
  3785 | D:5      | Entered Level 5 of the Dungeon
  3823 | D:5      | Found a glowing silver altar of Zin.
  3825 | D:5      | Found a bloodstained altar of Trog.
  3825 | D:5      | Found a shimmering blue altar of Sif Muna.
  3838 | D:5      | Noticed Pikel
  3862 | D:5      | Killed Pikel
  3863 | D:5      | Reached skill level 5 in Fighting
  3863 | D:5      | Reached skill level 5 in Short Blades
  3863 | D:5      | Gained mutation: You have razor-sharp teeth. [Vine Stalker
                  | growth]
  3863 | D:5      | Reached XP level 8. HP: 18/44 MP: 4/9
  4300 | D:5      | Found Lokhlir's Antique Armour Shop.
  4578 | D:6      | Reached XP level 9. HP: 44/49 MP: 8/10
  4596 | D:6      | Found a glowing drain.
  4663 | Sewer    | Entered a sewer
  5320 | D:6      | Found a staircase to the Ecumenical Temple.
  5329 | Temple   | Entered the Ecumenical Temple
  5386 | Temple   | Became a worshipper of Uskayaw the Reveller
  5480 | D:6      | Reached * piety under Uskayaw
  5504 | D:6      | Reached ** piety under Uskayaw
  5629 | D:6      | Reached *** piety under Uskayaw
  5632 | D:6      | Reached **** piety under Uskayaw
  5635 | D:6      | Reached ***** piety under Uskayaw
  5636 | D:6      | Reached skill level 1 in Invocations
  5670 | D:6      | Found an opulent altar of Gozag.
  5703 | D:6      | Noticed Menkaure
  5711 | D:6      | Killed Menkaure
  5926 | D:7      | Reached skill level 1 in Shields
  6153 | D:7      | Found a snail-covered altar of Cheibriados.
  6156 | D:7      | Found a shadowy altar of Dithmenos.
  6284 | D:7      | Found an ancient bone altar of Kikubaaqudgha.
  6298 | D:7      | Reached XP level 10. HP: 57/57 MP: 13/13
  6382 | D:7      | Noticed a deep elf pyromancer
  6392 | D:7      | Killed a deep elf pyromancer
  6410 | D:7      | Noticed a deep elf pyromancer
  6410 | D:7      | Noticed a two-headed ogre
  6411 | D:7      | Noticed a cyclops
  6415 | D:7      | Noticed a two-headed ogre
  6585 | D:7      | Killed an unseen horror
  6586 | D:7      | Reached skill level 5 in Invocations
  6629 | D:7      | Killed a cyclops
  6795 | D:7      | Identified the +1 leather armour of the Sparrow {Int+4}
  6900 | D:7      | Identified the +6 long sword of Conversion {elec, Int+4
                  | SInv}
  6900 | D:7      | Identified the +4 plate armour of the Dwarven Hall {Will-
                  | Dex+4 Slay+2}
  7158 | D:7      | Killed a two-headed ogre
  7159 | D:7      | Reached skill level 10 in Stealth
  7200 | D:7      | Killed a two-headed ogre
  7201 | D:7      | Reached XP level 11. HP: 56/62 MP: 10/17
  7295 | D:7      | Killed a deep elf pyromancer
  7699 | D:7      | Found a shadowy altar of Dithmenos.
  7705 | D:7      | Found a snail-covered altar of Cheibriados.
  7764 | D:7      | Found an ancient bone altar of Kikubaaqudgha.
  7922 | D:8      | Gained mutation: Your flesh is cold resistant. (rC+)
                  | [potion of mutation]
  7922 | D:8      | Gained mutation: Your spells are a little easier to cast,
                  | but a little less powerful. [potion of mutation]
  7922 | D:8      | Gained mutation: You are somewhat resistant to further
                  | mutation. [potion of mutation]
  8029 | D:8      | Noticed a death yak
  8031 | D:8      | Noticed a death yak
  8032 | D:8      | Noticed a death yak
  8033 | D:8      | Found a staircase to the Lair.
  8033 | D:8      | Noticed a death yak
  8050 | D:8      | Killed a death yak
  8051 | D:8      | Noticed a death yak
  8056 | D:8      | Killed a death yak
  8057 | D:8      | Killed a death yak
  8059 | D:8      | Noticed a death yak
  8060 | D:8      | Killed a death yak
  8070 | D:8      | Reached ****** piety under Uskayaw
  8071 | D:8      | Killed a death yak
  8072 | D:8      | Reached skill level 5 in Shields
  8084 | D:8      | Killed a death yak
  8126 | D:8      | Found a shimmering altar of Xom.
  8637 | D:9      | Paralysed by a hornet for 2 turns
  8646 | D:9      | Reached skill level 10 in Fighting
  8652 | D:9      | Reached XP level 12. HP: 40/67 MP: 17/19
  8730 | D:9      | Noticed Psyche
  8745 | D:9      | Killed Psyche
  9193 | D:10     | Entered Level 10 of the Dungeon
  9406 | D:10     | Noticed a boulder beetle
  9413 | D:10     | Killed a boulder beetle
  9414 | D:10     | Reached skill level 10 in Invocations
  9503 | D:10     | Found Biofeicw's Book Shoppe.
  9661 | D:10     | Noticed a two-headed ogre
  9666 | D:10     | Killed a two-headed ogre
 10182 | D:11     | Noticed Erica
 10209 | D:11     | Killed Erica
 10231 | D:11     | Found a transporter.
 10381 | D:11     | Noticed a five-headed hydra
 10389 | D:11     | Killed a five-headed hydra
 10748 | D:11     | Noticed Josephine
 10772 | D:11     | Killed Josephine
 10908 | D:11     | Reached XP level 13. HP: 73/73 MP: 22/22
 10948 | D:11     | Slain by a two-headed ogre

Illustrated notes

Levels and vault maps discovered:
D:1:      lightli_arrival_quake, layout_basic
D:2:      layout_basic, minmay_box_of_dots, uniq_natasha
D:3:      cheibrodos_old_hovel, layout_basic,
          hellmonk_ecumenical_altar_heavens_door, gammafunk_ghost_necromancy,
          uniq_sigmund, uniq_robin
D:4:      layout_basic, nicolae_wu_jian_glorious_leap,
          lemuel_coloured_pillars_altar, okawaru_trees_2,
          nicolae_hepliaklqana_monster_ancestors
D:5:      layout_loops_ring, gammafunk_temple_overflow_forgotten, serial_shops,
          nicolae_stop_n_shop_2, minmay_manual_monolith, uniq_pikel
D:6:      layout_loops_ring, grunt_gozag_breadcrumbs, temple_hall,
          portal_sewer_entry_a, uniq_menkaure
D:7:      minmay_the_grid_triangle_9x9_recursive_2
          [minmay_the_grid_triangle_9x9_prize_top_heavy,
          minmay_the_grid_triangle_9x9_longest,
          minmay_the_grid_triangle_9x9_corrupted_corridor,
          minmay_the_grid_triangle_9x9_semitri], layout_layer_cave,
          lemuel_mausoleum_altar_kikubaaqudgha,
          mainiacjoe_overflow_large_starburst
D:8:      layout_basic, kennysheep_mini, dpeg_lair_monsters
D:9:      layout_rooms, st_stairs_10, uniq_psyche
D:10:     layout_stronghold, serial_shops, shop_fountains
D:11:     layout_basic, nicolae_diode_basic, uniq_josephine, uniq_erica
Temple:   zaba_magenta_temple

Skill      XL: |  1  2  3  4  5  6  7  8  9 10 11 12 13 |
---------------+----------------------------------------+-----
Dodging        | 1 |  1.0
Stealth        | 5 6 8 10 | 10.5
Fighting       | 2 3 5 6 8 9 10 11 | 11.0
Short Blades   | 2 3 5 6 7 8 9 |  9.7
Throwing       | 2 3 |  3.0
Invocations    | 3 6 9 11 | 11.5
Shields        | 2 4 5 |  5.0

Action                   |  1- 3 |  4- 6 |  7- 9 | 10-12 | 13-15 || total
-------------------------+-------+-------+-------+-------+-------++-------
Melee: Dagger            |    54 |   130 |   341 |   526 |    25 ||  1076
       Bite              |     8 |    31 |   100 |   201 |    15 ||   355
       Punch             |     1 |     1 |     2 |       |       ||     4
Throw: Dart              |     4 |     5 |     2 |     6 |       ||    17
Invok: Grand Finale      |       |       |       |     2 |       ||     2
  Use: Scroll            |       |       |    16 |     8 |       ||    24
       Potion            |       |       |       |     1 |       ||     1
 Stab: Sleeping          |     8 |     6 |    25 |    17 |       ||    56
       Paralysed         |       |       |     5 |    29 |     2 ||    36
       Distracted        |       |       |     1 |       |       ||     1
Armor: Robe              |    11 |       |       |       |       ||    11
       Leather armour    |     1 |    36 |   120 |    75 |     1 ||   233
Dodge: Dodged            |    23 |    51 |   162 |   207 |     7 ||   450
Block: Buckler           |       |       |     8 |       |       ||     8
       Kite shield       |       |       |     3 |   176 |     7 ||   186

Table legend: (Time is in decaauts)
 A = Elapsed time spent in this place.
 B = Non-inter-level travel time spent in this place.
 C = Inter-level travel time spent in this place.
 D = Time resting spent in this place.
 E = Time spent auto-exploring this place.
 F = Levels seen in this place.
 G = Mean time per level.
                   A        B        C        D        E       F      G
               +--------+--------+--------+--------+--------+-----+--------+
         Total |  10863 |  10494 |    369 |    501 |   7430 |  13 |  835.6 |
       Dungeon |  10108 |   9756 |    352 |    501 |   6984 |  11 |  918.9 |
        Temple |     74 |     57 |     17 |      0 |     50 |   1 |   74.0 |
         Sewer |    679 |    679 |      0 |      0 |    396 |   1 |  679.0 |
               +--------+--------+--------+--------+--------+-----+--------+

Top non-repeatable levels by time:
     D:7: 1913 daAuts
     D:1: 1630 daAuts
    D:10: 856 daAuts
    D:11: 827 daAuts
     D:2: 796 daAuts
     D:6: 757 daAuts
     D:5: 747 daAuts
     D:4: 729 daAuts
     D:8: 698 daAuts
   Sewer: 679 daAuts
     D:3: 588 daAuts
     D:9: 563 daAuts
  Temple: 74 daAuts
